 Dungeon Crawl Stone Soup version 0.28.0-43-g3370ac3207 (webtiles) character file.

Game seed: 1435414215917275698

53 tizbic2 the Insei (level 3, -2/23 HPs)
             Began as an Octopode Transmuter on Mar 26, 2022.
             Killed from afar by an orc wizard (7 damage)
             ... with a magic dart
             ... on level 3 of the Dungeon.
             The game lasted 00:09:27 (2484 turns).

tizbic2 the Insei (Octopode Transmuter)             Turns: 2484, Time: 00:09:28

Health: -2/23      AC:  1    Str: 11    XL:     3   Next: 89%
Magic:  6/6        EV: 13    Int: 15    God:
Gold:   19         SH:  0    Dex: 12    Spells: 2/6 levels left

rFire   . . .      SeeInvis .     - Unarmed
rCold   . . .      Faith    .   (no shield)
rNeg    . . .      Spirit   .   (helmet restricted)
rPois   .          Reflect  .   (no amulet)
rElec   .          Harm     .   (no ring)
rCorr   .          Rampage  .   (no ring)
Will    .....                   (no ring)
Stlth   ++........              (no ring)
HPRegen 0.07/turn               (no ring)
MPRegen 0.10/turn               (no ring)
                                (no ring)
                                (no ring)

@: lethally poisoned (-2 -> -6)
A: almost no armour, amphibious, 8 rings, camouflage 1, gelatinous body 1,
(nimble swimmer 1), tentacles
a: no special abilities


You were on level 3 of the Dungeon.
You visited 1 branch of the dungeon, and saw 3 of its levels.

You collected 19 gold pieces.

Inventory:

Missiles
 d - 90 stones (quivered)
Wands
 g - a wand of digging (9)
 j - a wand of charming (11)
Scrolls
 a - a scroll of fear
 e - 2 scrolls of identify {unknown}
 h - a scroll of acquirement {unknown}
 i - a scroll of teleportation {unknown}
Potions
 b - 2 potions of heal wounds {unknown}
 c - a potion of might {unknown}
 f - 2 potions of curing {unknown}


   Skills:
 + Level 1.5 Fighting
 - Level 2.0 Dodging
 * Level 3.6 Unarmed Combat
 + Level 2.3 Spellcasting
 * Level 2.9 Transmutations


You had 2 spell levels left.
You knew the following spells:

 Your Spells              Type           Power      Damage    Failure   Level
a - Beastly Appendage     Tmut           20%        N/A       6%          1
b - Spider Form           Tmut/Pois      6%         N/A       34%         3

Your spell library contained the following spells:

 Spells                   Type           Power      Damage    Failure   Level
 Wereblood                Tmut           10%        N/A       10%         2
 Animate Skeleton         Necr           2%         N/A       22%         1
 Apportation              Tloc           2%         N/A       22%         1
 Summon Small Mammal      Summ           4%         N/A       22%         1
 Ice Form                 Ice/Tmut       6%         N/A       75%         4


Dungeon Overview and Level Annotations

Branches:
Dungeon (3/15)

Altars:

Shops:
D:2 =

Annotations:
D:3 Sigmund


Innate Abilities, Weirdness & Mutations

You cannot wear most types of armour.
You are amphibious.
You can wear up to eight rings at the same time.
Your skin changes colour to match your surroundings (Stealth+).
Your rubbery body absorbs attacks. (AC +1, EV +1)
((You are camouflaged when in or above water. (Stealth+)))
You have tentacles for arms and can constrict up to eight enemies at once.


Message History

An orc comes into view. It is wielding a +0 club.
The orc wizard closely misses you.
The orc shouts!
The ogre shouts!
You tentacle-slap the orc wizard but do no damage.
Your grab misses the orc wizard.
Your tentacle spike misses the orc wizard.
You tentacle-slap the orc. You grab the orc. You squeeze the orc.
The orc is heavily wounded.
You constrict the orc.
You tentacle-slap the orc but do no damage.
The orc is severely wounded.
You constrict the orc.
An adder comes into view.
The adder hisses angrily.
You tentacle-slap the orc.
You kill the orc!
The orc wizard gestures wildly while chanting.
The orc wizard flickers and vanishes!
Deactivating autopickup; reactivate with Ctrl-A.
You hear some strange, mumbled words.
Something tries to affect you, but you resist.
Your transformation is almost over.
You hear some strange, mumbled words.
You are confused.
You're too confused to move!
The adder bites you.
You tentacle-slap the adder but do no damage.
The adder barely misses you. The adder bites you. The adder misses you.
Your tentacle spike disappears.
The adder bites you.
You are poisoned.
The adder poisons you!
You feel sick.
You're too confused to move!
You feel less confused.
You feel sick. The adder bites you. x2
* * * LOW HITPOINT WARNING * * *
A magic dart appears from out of thin air!
The magic dart hits you!
You die...

#......#
##.###.######.. #.#
#..)......
#.###.##.####.
#.##..# ...## #
#....#####..###.##
#.#......##.{.#..####
#.######..O.S.......#
#.# ######@....#. #.#
####..# #.# ....
#.####### ..
#.#...... ##...#
#....# #....#######
... #........... .. .


You could see an ogre and an adder.

Vanquished Creatures
  4 worms
  A dart slug (D:1)
  An orc (D:3)
  3 endoplasms
  4 giant cockroaches
  3 hobgoblins
  3 ball pythons
  5 bats
  A frilled lizard (D:2)
  6 goblins
  3 kobolds
  6 rats
40 creatures vanquished.

Notes
Turn   | Place    | Note
-------+----------+-------------------------------------------
     0 | D:1      | tizbic2 the Octopode Transmuter began the quest for the
                  | Orb.
     0 | D:1      | Reached XP level 1. HP: 13/13 MP: 3/3
   290 | D:1      | Reached XP level 2. HP: 10/18 MP: 3/5
  1127 | D:1      | Found a faded altar of an unknown god.
  1345 | D:2      | Reached XP level 3. HP: 20/23 MP: 4/6
  1462 | D:2      | Found Ymuruciedi's Jewellery Shoppe.
  1519 | D:2      | Learned a level 3 spell: Spider Form
  2345 | D:3      | Noticed Sigmund
  2465 | D:3      | Noticed an ogre
  2484 | D:3      | Killed from afar by an orc wizard

Illustrated notes

Levels and vault maps discovered:
D:1:      tarquinn_simple_flora_water_a, layout_basic,
          shapermc_ecumenical_altar_ellora, st_stairs_3, minivault_25
D:2:      layout_loops_cross, serial_shops, nicolae_shop_stone,
          chequers_arboretum
D:3:      layout_rooms, minmay_tree_intersection, uniq_sigmund

Action                   || total
-------------------------++-------
Melee: Unarmed           ||    85
       Kick              ||    18
       Tentacles         ||    20
       Constrict         ||    21
       Punch             ||     2
Throw: Stone             ||     1
 Cast: Beastly Appendage ||    23
  Use: Scroll            ||     1
 Stab: Sleeping          ||     8
Armor: Skin              ||     7
Dodge: Dodged            ||    38
